 Dungeon Crawl Stone Soup version 0.32-a0-128-g77eb882913 (webtiles) character file.

Game seed: 12412692532281099539

29402 hikkokomori the Grappler (level 13, -2/130 HPs)
             Began as a Troll Warper on Feb 8, 2024.
             Was an Elder of Wu Jian.
             Slain by a catoblepas (25 damage)
             ... on level 4 of the Lair of Beasts.
             The game lasted 00:42:59 (13138 turns).

hikkokomori the Grappler (Troll Warper)            Turns: 13138, Time: 00:43:00

Health: -2/130     AC: 16    Str: 18    XL:     13   Next: 15%
Magic:  18/18      EV: 11    Int:  9    God:    Wu Jian [****..]
Gold:   1126       SH: 14    Dex: 19    Spells: 12/20 levels left

rFire   . .          .
                       - Unarmed
rCold   . . .        E - +0 kite shield
rNeg    . . .        a - +0 storm dragon scales
rPois   .            (helmet restricted)
rElec   +            y - +0 cloak
rCorr   .            (gloves unavailable)
SInv    .            (boots unavailable)
Will    .....        h - amulet "Dityne" {Reflect Rampage Will- Regen+ Str-4 SH+5} Stlth
                     S - ring of Vitod {Will+ Dex+6}
HPRegen 2.01/turn    R - +5 ring of evasion
MPRegen 0.16/turn

%: reflection, rampage
@: serpent's lash
A: large, unfitting armour, claws 3, regeneration 1, shaggy fur 1, tough skin 1,
antennae 1
a: Renounce Religion, Wall Jump, Serpent's Lash


You were on level 4 of the Lair of Beasts.
You worshipped Wu Jian.
Wu Jian was greatly pleased with you.
You visited 3 branches of the dungeon, and saw 17 of its levels.
You also visited: Sewer.

You collected 1126 gold pieces.

Inventory:

Hand Weapons
 D - the +4 trident of hikkokomori's Woe {speed, *Rage rElec Will++ SInv}
   (You found it on level 5 of the Dungeon)

   rElec:     It insulates you from electricity.
   Will++:    It greatly increases your willpower.
   SInv:      It lets you see invisible.
   *Rage:     It berserks you when you make melee attacks (+20% chance).
Missiles
 c - 5 darts of dispersal
 i - 122 stones
 q - 14 boomerangs (quivered)
 w - 25 poisoned darts
 z - 5 silver javelins
 M - 8 javelins
Armour
 a - +0 storm dragon scales (worn)
 y - a +0 cloak (worn)
 E - a +0 kite shield (worn)
 F - +0 steam dragon scales
 Q - a +1 robe of willpower
 U - +0 acid dragon scales
Jewellery
 h - the amulet "Dityne" (around neck) {Reflect Rampage Will- Regen+ Str-4 SH+5}
   (You found it on level 7 of the Dungeon)

   [amulet of reflection]

   Reflect:   It reflects blocked missile attacks.
   Str-4:     It affects your strength (-4).
   Will-:     It decreases your willpower.
   Regen+:    It increases your rate of health regeneration.
   SH+5:      It affects your SH (+5).
   Rampage:   It bestows one free step when moving towards enemies.
 C - a +4 ring of protection
 J - a ring of protection from fire
 N - a ring of resist corrosion
 R - a +5 ring of evasion (right claw)
 S - the ring of Vitod (left claw) {Will+ Dex+6}
   (You found it on level 10 of the Dungeon)

   [ring of willpower]

   Dex+6:     It affects your dexterity (+6).
   Will+:     It increases your willpower.
 X - a ring of wizardry
Talismans
 V - a dragon-blood talisman
Wands
 k - a wand of iceblast (4)
 A - a wand of flame (110)
 H - a wand of digging (6)
 O - a wand of paralysis (3)
Scrolls
 b - a scroll of blinking
 d - 2 scrolls of vulnerability
 f - 6 scrolls of fear
 g - 3 scrolls of brand weapon {unknown}
 j - 2 scrolls of amnesia
 m - 3 scrolls of revelation
 p - 2 scrolls of teleportation
 v - 2 scrolls of summoning {unknown}
 B - 2 scrolls of noise {unknown}
 K - a scroll of immolation {unknown}
 W - a scroll of poison {unknown}
 Y - a scroll of torment {unknown}
Potions
 e - 4 potions of lignification
 l - a potion of berserk rage {unknown}
 n - 2 potions of mutation
 o - 2 potions of invisibility
 r - 5 potions of curing
 s - 2 potions of cancellation
 t - 5 potions of haste
 u - 2 potions of might
 x - 3 potions of resistance
 G - a potion of enlightenment
 I - 3 potions of brilliance
 L - a potion of magic
 P - a potion of degeneration {unknown}
 T - 2 potions of attraction
 Z - a potion of heal wounds


   Skills:
 + Level 8.9 Fighting
 - Level 6.0 Throwing
 + Level 6.2 Armour
 - Level 6.0 Dodging
 - Level 2.0 Stealth
 + Level 1.4 Shields
 - Level 11.0 Unarmed Combat
 - Level 4.0 Spellcasting
 - Level 4.0 Translocations
 - Level 4.0 Air Magic
 + Level 5.0 Evocations


You had 12 spell levels left.
You knew the following spells:

 Your Spells              Type           Power      Damage    Failure   Level
a - Blink                 Tloc           18%        N/A       94%         2
b - Lesser Beckoning      Tloc           18%        N/A       94%         2
c - Vhi's Electric Charg  Tloc/Air       18%        N/A       100%        4

Your spell library contained the following spells:

 Spells                   Type           Power      Damage    Failure   Level
 Teleport Other           Tloc           9%         N/A       99%         3
 Slow                     Hex            4%         N/A       100%        1
 Jinxbite                 Hex            2%         N/A       100%        2
 Call Canine Familiar     Summ           1%         N/A       100%        3
 Confusing Touch          Hex            1%         N/A       100%        3
 Sigil of Binding         Hex            1%         N/A       100%        3
 Vampiric Draining        Necr           1%         2d6       100%        3
 Volatile Blastmotes      Fire/Tloc      10%        2d10      100%        3
 Anguish                  Hex/Necr       0%         N/A       100%        4
 Cause Fear               Hex            0%         N/A       100%        4
 Dimensional Bullseye     Hex/Tloc       2%         N/A       100%        4
 Fulminant Prism          Conj/Alch      0%         3d5       100%        4
 Iskenderun's Mystic Bla  Conj/Tloc      5%         2d3       100%        4
 Manifold Assault         Tloc           9%         N/A       100%        4
 Yara's Violent Unravell  Hex/Alch       0%         3d3       100%        5
 Enfeeble                 Hex            0%         N/A       100%        7


Dungeon Overview and Level Annotations

Branches:
Dungeon (11/15)            Temple (1/1) D:6            Lair (5/5) D:11
 Shoals (0/4) Lair:2        Snake (0/4) Lair:3          Orc (0/2) D:9
  Sewer (visited)
  Slime: Lair:4-5

Altars:
Ashenzari
Cheibriados
Dithmenos
Elyvilon
Fedhas
Gozag
Hepliaklqana
Kikubaaqudgha
Makhleb
Nemelex Xobeh
Okawaru
Qazlal
Ru
Sif Muna
Trog
Uskayaw
Vehumet
Wu Jian
Xom
Yredelemnul
Zin
The Shining One

Shops:
D:1 :

Annotations:
Lair:3 3 runed translucent doors, bakla's ghost, journeyman HuEE; ranchalot's ghost, journeyman OnEE


Innate Abilities, Weirdness & Mutations

You are too large for most types of armour.
You have claws for hands.
Your natural rate of healing is unusually fast.
You are covered in fur. (AC +1)
You have tough skin. (AC +1)
You have a pair of small antennae on your head.


Message History

You spin and attack the polar bear.
You scratch the polar bear.
The polar bear is moderately wounded.
The polar bear bites you.
The polar bear claws you but does no damage. x2
The catoblepas breathes a plume of calcifying dust at you.
The blast of calcifying dust hits the polar bear.
The blast of calcifying dust hits you but does no damage.
You spin and attack the polar bear.
You claw the polar bear!
The polar bear is severely wounded.
The bush is engulfed in calcifying dust.
The polar bear is engulfed in calcifying dust.
The polar bear is moving more slowly.
The polar bear barely misses you. You block the polar bear's attack.
The polar bear barely misses you.
You spin and attack the catoblepas.
You scratch the catoblepas but do no damage.
The catoblepas is heavily wounded.
The bush is engulfed in calcifying dust.
The bush turns to stone!
The polar bear is engulfed in calcifying dust.
The polar bear stops moving altogether!
The catoblepas completely misses you.
You scratch the catoblepas but do no damage.
The catoblepas is heavily wounded.
The bush is engulfed in calcifying dust.
The polar bear is engulfed in calcifying dust.
You block the catoblepas's attack.
Unknown command.
You claw the catoblepas!
The catoblepas is severely wounded.
The bush is engulfed in calcifying dust.
The polar bear is engulfed in calcifying dust.
The catoblepas gores you!!
* * * LOW HITPOINT WARNING * * *
Unknown command.
Your muscles tense, ready for explosive movement...
You scratch the catoblepas.
The catoblepas is severely wounded.
The bush is engulfed in calcifying dust.
The polar bear is engulfed in calcifying dust.
The catoblepas gores you!!
You die...

..........................###..##
.............#...##.####.####..P#
#............#....#.####.# #.....
#............#...#..P##..####....
#.................P.P##...##...##
............................#..##
................#.....#....#....#
#.................§.............#
#...............@Yh.............#
................>...............#
.....................÷...........
#................................
#......)..........<..............
#...............................#
................................#
.....)...........................
.................................


You could see a catoblepas and a polar bear (petrified).

Vanquished Creatures
  3 hydras
  A catoblepas (Lair:4)
  A two-headed ogre (D:10)
  2 boulder beetles
  A skyshark (Lair:3)
  Amaemon (Lair:1)
  An orc knight (D:7)
  Pikel (D:7)
  An oklob plant (Lair:3)
  Maurice (D:9)
  A black mamba (Lair:4)
  A guardian serpent (Lair:3)
  7 cane toads
  A torpor snail (Lair:4)
  An orange demon (Lair:1)
  A gargoyle (D:10)
  Maggie (D:7)
  A rime drake (Lair:1)
  An unseen horror (D:10)
  3 komodo dragons
  5 trolls
  A polar bear (Lair:4)
  A snapping turtle (Lair:2)
  9 blink frogs (Lair:3)
  3 shadows
  A vampire (D:11)
  A water elemental (Lair:2)
  34 yaks
  4 basilisks (Lair:1)
  A warg (D:7)
  3 wyverns
  4 vampire mosquitoes (D:11)
  Grum (D:8)
  A steam dragon (D:9)
  An acid dragon (D:11)
  8 water moccasins
  9 orc warriors
  2 black bears
  5 ogres
  14 wolves
  5 centaurs
  A lemure (D:7)
  2 phantoms
  4 kobold brigands
  12 bullfrogs
  6 scorpions
  14 wights
  2 electric eels (Lair:4)
  A howler monkey (D:4)
  2 hounds
  7 orc priests
  3 jellies
  2 iguanas
  Natasha (D:2)
  4 orc wizards
  8 adders
  2 ufetubi (D:5)
  4 dart slugs
  A ribbon worm (D:2)
  56 orcs
  10 ball pythons
  9 endoplasms
  10 giant cockroaches
  6 goblins
  6 hobgoblins
  7 jackals
  4 quokkas
  12 bats
  5 frilled lizards
  27 kobolds
  8 rats
380 creatures vanquished.

Vanquished Creatures (others)
  An orc wizard (D:9)
1 creature vanquished.

Grand Total: 381 creatures vanquished

Notes
Turn   | Place    | Note
-------+----------+-------------------------------------------
     0 | D:1      | hikkokomori the Troll Warper began the quest for the Orb.
     0 | D:1      | Reached XP level 1. HP: 19/19 MP: 1/1
    40 | D:1      | Reached skill level 1 in Throwing
   204 | D:1      | Found Nivopopurem's Book Shop.
   252 | D:1      | Reached XP level 2. HP: 28/28 MP: 3/3
   847 | D:2      | Reached XP level 3. HP: 35/35 MP: 4/4
  1080 | D:2      | Reached XP level 4. HP: 28/42 MP: 5/5
  1226 | D:2      | Noticed Natasha
  1239 | D:2      | Killed Natasha
  1611 | D:3      | Learned a level 2 spell: Blink
  1614 | D:3      | Learned a level 2 spell: Lesser Beckoning
  1682 | D:3      | Reached skill level 3 in Unarmed Combat
  1682 | D:3      | Reached XP level 5. HP: 49/49 MP: 7/7
  2251 | D:3      | Found a hide-covered altar of Uskayaw.
  2457 | D:4      | Noticed an ogre
  2470 | D:4      | Killed an ogre
  2471 | D:4      | Reached XP level 6. HP: 44/57 MP: 8/8
  2509 | D:4      | Gained mutation: You have a pair of small antennae on your
                  | head. [potion of mutation]
  2589 | D:4      | Found a glowing drain.
  2615 | Sewer    | Entered a sewer
  2811 | Sewer    | Reached skill level 4 in Unarmed Combat
  2987 | D:4      | Noticed a water moccasin
  3016 | D:5      | Entered Level 5 of the Dungeon
  3047 | D:5      | Noticed a water moccasin
  3057 | D:5      | Killed a water moccasin
  3058 | D:5      | Reached skill level 1 in Stealth
  3058 | D:5      | Reached XP level 7. HP: 18/65 MP: 10/10
  3191 | D:5      | Learned a level 4 spell: Vhi's Electric Charge
  3291 | D:5      | Reached skill level 1 in Evocations
  3574 | D:5      | Reached XP level 8. HP: 61/72 MP: 11/11
  4233 | D:5      | Found an opulent altar of Gozag.
  4274 | D:5      | Identified the +4 trident of hikkokomori's Woe {speed,
                  | *Rage rElec Will++ SInv}
  4685 | D:6      | Found a staircase to the Ecumenical Temple.
  4695 | Temple   | Entered the Ecumenical Temple
  5401 | Temple   | Became a worshipper of the Wu Jian Council
  5465 | D:7      | Noticed Maggie
  5484 | D:7      | Killed Maggie
  5485 | D:7      | Reached XP level 9. HP: 52/81 MP: 12/12
  5498 | D:6      | Reached skill level 5 in Unarmed Combat
  5590 | D:7      | Noticed an orc knight
  5611 | D:7      | Killed an orc knight
  5708 | D:7      | Reached skill level 6 in Unarmed Combat
  5784 | D:7      | Noticed Pikel
  5792 | D:7      | Reached * piety under Wu Jian
  5799 | D:7      | Killed Pikel
  5831 | D:7      | Noticed a boulder beetle
  5831 | D:7      | Noticed a komodo dragon
  5841 | D:7      | Reached skill level 5 in Fighting
  5849 | D:7      | Killed a boulder beetle
  5850 | D:7      | Reached skill level 5 in Dodging
  5850 | D:7      | Reached skill level 7 in Unarmed Combat
  5850 | D:7      | Reached XP level 10. HP: 11/96 MP: 13/13
  5850 | D:7      | HP: 3/96 [komodo dragon (9)]
  6237 | D:7      | Identified the staff of Earthquakes {rF+ Dex+3 Fire}
  6237 | D:7      | Identified the amulet "Dityne" {Reflect Rampage Will-
                  | Regen+ Str-4 SH+5}
  6479 | D:8      | Noticed Grum
  6507 | D:8      | Killed Grum
  6937 | D:8      | Reached skill level 8 in Unarmed Combat
  7487 | D:9      | Reached skill level 1 in Air Magic
  7509 | D:9      | Reached ** piety under Wu Jian
  7686 | D:9      | Noticed Maurice
  7695 | D:9      | Paralysed by Maurice for 2 turns
  7699 | D:9      | Paralysed by something for 3 turns
  7701 | D:9      | Something stole 242 gold
  7705 | D:9      | Something stole a ring of resist corrosion
  7711 | D:9      | Killed Maurice
  7712 | D:9      | Reached skill level 5 in Evocations
  7730 | D:9      | Reached XP level 11. HP: 48/105 MP: 7/15
  7994 | D:9      | Reached skill level 5 in Throwing
  8075 | D:9      | Found a staircase to the Orcish Mines.
  8171 | D:10     | Entered Level 10 of the Dungeon
  8428 | D:10     | Noticed a two-headed ogre
  8445 | D:10     | Killed a two-headed ogre
  8542 | D:10     | Identified the ring of Vitod {Will+ Dex+6}
  8978 | D:11     | Reached *** piety under Wu Jian
  9297 | D:11     | Found a staircase to the Lair.
  9343 | Lair:1   | Entered Level 1 of the Lair of Beasts
  9419 | Lair:1   | Noticed Amaemon
  9441 | Lair:1   | Killed Amaemon
  9523 | Lair:1   | Reached skill level 9 in Unarmed Combat
  9651 | Lair:1   | Reached skill level 1 in Armour
  9799 | Lair:1   | Reached XP level 12. HP: 118/118 MP: 17/17
  9864 | Lair:1   | Noticed a boulder beetle
  9893 | Lair:1   | Killed a boulder beetle
 10207 | Lair:2   | You fall into a shaft and drop 1 floor!
 10207 | Lair:3   | Noticed an eight-headed hydra
 10217 | Lair:3   | Found a runed translucent gate.
 10218 | Lair:3   | Found a runed translucent gate.
 10218 | Lair:3   | Found a runed translucent gate.
 10234 | Lair:3   | Killed a ten-headed hydra
 10239 | Lair:3   | Reached skill level 5 in Armour
 10297 | Lair:3   | Noticed bakla's ghost (journeyman HuEE)
 10297 | Lair:3   | Noticed ranchalot's ghost (journeyman OnEE)
 10658 | Lair:3   | Found a staircase to the Snake Pit.
 10725 | Lair:3   | Reached **** piety under Wu Jian
 10927 | Lair:2   | Reached skill level 10 in Unarmed Combat
 11145 | Lair:2   | Found an ornate altar of the Wu Jian Council.
 11172 | Lair:2   | Noticed a seven-headed hydra
 11179 | Lair:2   | Killed an 11-headed hydra
 11338 | Lair:2   | Found a staircase to the Shoals.
 12248 | Lair:4   | Noticed a catoblepas
 12257 | Lair:4   | Killed a catoblepas
 12305 | Lair:4   | Identified the +0 great sword of the Sybil {vamp, Dex+4
                  | Stlth+}
 12438 | Lair:4   | Reached XP level 13. HP: 108/128 MP: 18/18
 12823 | Lair:4   | Reached skill level 1 in Shields
 12823 | Lair:4   | Reached skill level 11 in Unarmed Combat
 13103 | Lair:5   | Entered Level 5 of the Lair of Beasts
 13138 | Lair:4   | Slain by a catoblepas

Illustrated notes

Levels and vault maps discovered:
D:1:      amcnicky_arrival_feature_with_door, layout_basic, serial_shops, shop
D:2:      layout_basic, minmay_mini_jars, uniq_natasha
D:3:      layout_loops_ring, mainiacjoe_overflow_alcove_1
D:4:      layout_rooms, portal_sewer_entry_f, hangedman_decor_riveting,
          minmay_crystal_room
D:5:      layout_cave_pods, nicolae_gozag_seed_capital, minmay_holes,
          kennysheep_generic_room_11
D:6:      layout_rooms, minmay_temple_entry_statues, item_on_display_a
D:7:      layout_basic, hex_large, minmay_the_grid_2x2
          [minmay_the_grid_zigzag_pyramid, minmay_the_grid_tree,
          minmay_the_grid_armoury, minmay_the_grid_prize_shrinking_boxes],
          uniq_pikel, uniq_maggie
D:8:      layout_basic, uniq_grum
D:9:      layout_roguey [special_room_orc], david_orc_4, uniq_maurice
D:10:     layout_rooms
D:11:     layout_irregular_city, lair_entry_dummy
Temple:   mainiacjoe_temple_big_plus
Lair:1:   layout_gridlike, uniq_amaemon
Lair:2:   layout_cave_pods, minmay_shoals_entry_hut, basic_altar
Lair:3:   layout_chaotic_city, minmay_snake_entry_spellcaster,
          gammafunk_ghost_cemetery, cheibrodos_lair_caveside_slide
Lair:4:   layout_gridlike
Lair:5:   evilmike_catoblepas_cave, layout_regular_city,
          dpeg_slime_entry_corner, uniq_rupert

Skill      XL: |  1  2  3  4  5  6  7  8  9 10 11 12 13 |
---------------+----------------------------------------+-----
Throwing       | 1 2 3 4 6 |  6.0
Dodging        | 2 3 5 6 |  6.0
Fighting       | 2 3 5 6 7 8 |  8.9
Spellcasting   | 2 3 4 |  4.0
Unarmed Combat | 3 4 7 8 9 10 11 | 11.0
Stealth        | 1 2 |  2.0
Evocations     | 1 4 5 |  5.0
Translocations | 3 4 |  4.0
Air Magic      | 2 4 |  4.0
Armour         | 2 6 |  6.2
Shields        | 1 |  1.4

Action                     |  1- 3 |  4- 6 |  7- 9 | 10-12 | 13-15 || total
---------------------------+-------+-------+-------+-------+-------++-------
  Melee: Unarmed           |   105 |   187 |   250 |   840 |   112 ||  1494
         Punch             |     3 |     9 |    18 |    79 |       ||   109
  Throw: Stone             |     4 |       |    28 |       |       ||    32
         Dart              |     1 |     2 |    21 |    13 |       ||    37
         Javelin           |       |     8 |    15 |    22 |       ||    45
         Boomerang         |       |     3 |     9 |    21 |     4 ||    37
   Cast: Blink             |       |       |       |     1 |       ||     1
 Invoke: Serpent's Lash    |       |       |       |     5 |     3 ||     8
Ability: Lunge             |       |       |     5 |    70 |     4 ||    79
         Whirlwind         |       |       |       |   261 |    69 ||   330
         Wall Jump         |       |       |       |     3 |     2 ||     5
  Evoke: Wand              |       |       |       |     9 |     1 ||    10
    Use: Scroll            |       |    11 |     2 |     8 |     2 ||    23
         Potion            |       |     1 |     1 |     5 |       ||     7
   Stab: Sleeping          |     3 |     1 |     3 |     7 |       ||    14
         Invisible         |       |       |       |     3 |       ||     3
         Distracted        |       |       |       |     1 |       ||     1
         Petrifying        |       |       |       |     1 |       ||     1
         Petrified         |       |       |       |       |     8 ||     8
 Armour: Robe              |    77 |   136 |   105 |       |       ||   318
         Skin              |       |       |    42 |       |       ||    42
         Steam dragon scal |       |       |    33 |   308 |       ||   341
         Acid dragon scale |       |       |       |   312 |       ||   312
         Storm dragon scal |       |       |       |       |   103 ||   103
  Dodge: Dodged            |    43 |   105 |   119 |   380 |    43 ||   690
  Block: Other             |       |       |       |   156 |     1 ||   157
         Kite shield       |       |       |       |       |    87 ||    87

Table legend: (Time is in decaauts)
 A = Elapsed time spent in this place.
 B = Non-inter-level travel time spent in this place.
 C = Inter-level travel time spent in this place.
 D = Time resting spent in this place.
 E = Time spent auto-exploring this place.
 F = Levels seen in this place.
 G = Mean time per level.
                   A        B        C        D        E       F      G
               +--------+--------+--------+--------+--------+-----+--------+
         Total |  13037 |  12220 |    817 |    432 |   9033 |  18 |  724.3 |
       Dungeon |   8831 |   8295 |    536 |    171 |   6250 |  11 |  802.8 |
        Temple |    155 |      4 |    151 |      0 |      0 |   1 |  155.0 |
          Lair |   3765 |   3636 |    129 |    261 |   2630 |   5 |  753.0 |
         Sewer |    285 |    285 |      0 |      0 |    153 |   1 |  285.0 |
               +--------+--------+--------+--------+--------+-----+--------+

Top non-repeatable levels by time:
     D:7: 1281 daAuts
     D:5: 1165 daAuts
  Lair:3: 1070 daAuts
  Lair:2: 960 daAuts
  Lair:4: 955 daAuts
     D:8: 906 daAuts
     D:1: 841 daAuts
     D:3: 825 daAuts
     D:9: 770 daAuts
  Lair:1: 757 daAuts
     D:2: 754 daAuts
    D:11: 604 daAuts
     D:6: 594 daAuts
    D:10: 552 daAuts
     D:4: 534 daAuts
